 Dungeon Crawl Stone Soup version 0.22.0-38-g04b72b8c25 (webtiles) character file.

66 sunhra the Sneak (level 3, -12/24 HPs)
             Began as a Vampire Enchanter on Aug 26, 2018.
             Mangled by a gnoll
             ... wielding a +0 flail
              (13 damage)
             ... on level 2 of the Dungeon.
             The game lasted 00:05:49 (1938 turns).

sunhra the Sneak (Vampire Enchanter)                Turns: 1938, Time: 00:05:49

Health: -12/24     AC:  4    Str:  7    XL:     3   Next: 96%
Magic:  1/6        EV:  6    Int: 18    God:
Gold:   118        SH:  0    Dex: 14    Spells: 3/6 levels left

rFire    . . .     SeeInvis +   p - +2 dagger (flame)
rCold    + + .     Gourm    .   (no shield)
rNeg     + + +     Faith    .   b - +0 robe
rPois    ∞         Spirit   .   (no helmet)
rElec    .         Reflect  .   (no cloak)
rCorr    .         Harm     .   c - +0 pair of gloves
MR       .....                  f - +0 pair of boots
Stlth    +++++.....             (no amulet)
HPRegen  0.00/turn              (no ring)
MPRegen  0.10/turn              (no ring)

@: held, bloodless, non-regenerating
A: fangs 3, see invisible, unbreathing
a: Bat Form


You were on level 2 of the Dungeon.
You were bloodless.

You visited 1 branch of the dungeon, and saw 2 of its levels.

You collected 118 gold pieces.

Inventory:

Hand Weapons
 a - a +1 dagger
 p - a +2 dagger of flaming (weapon)
Armour
 b - a +0 robe (worn)
 c - a +0 pair of gloves (worn)
 f - a +0 pair of boots (worn)
Jewellery
 s - an uncursed amulet of magic regeneration {unknown}
Scrolls
 e - a scroll of blinking {unknown}
 g - 2 scrolls of fog {unknown}
 h - a scroll of fear {unknown}
 i - 2 scrolls of identify {unknown}
 j - 2 scrolls of teleportation {unknown}
 o - a scroll of random uselessness {unknown}
 q - a scroll of remove curse {unknown}
 r - a scroll of enchant armour {unknown}
 t - a scroll of immolation {unknown}
Potions
 d - 15 potions of blood
 k - a potion of ambrosia {unknown}
 l - a potion of curing {unknown}
 m - a potion of mutation {unknown}
 n - a potion of agility {unknown}


   Skills:
 + Level 2.2 Short Blades
 - Level 2.1 Dodging
 * Level 6.1 Stealth
 - Level 2.0 Spellcasting
 + Level 5.2 Hexes


You had 3 spell levels left.
You knew the following spells:

 Your Spells              Type           Power        Failure   Level  Hunger
a - Corona                Hex            ###....      2%          1    #......
b - Ensorcelled Hibernat  Hex/Ice        ##....       10%         2    ###....

Your spell library contained the following spells:

 Spells                   Type           Power        Failure   Level  Hunger
 Confuse                  Hex            ###.....     6%          3    ###....
 Tukima's Dance           Hex            ###.....     6%          3    ###....
 Beastly Appendage        Tmut           #.....       19%         1    #......
 Dazzling Spray           Conj/Hex       ##....       19%         3    ###....
 Sticks to Snakes         Tmut           #.......     26%         2    ###....
 Spider Form              Tmut/Pois      #.........   47%         3    ###....
 Ice Form                 Ice/Tmut       #.......     87%         4    #####..
 Blade Hands              Tmut           #.........   99%         5    ######.


Dungeon Overview and Level Annotations

Branches:
Dungeon (2/15)

Altars:


Innate Abilities, Weirdness & Mutations

You do not heal naturally.
You are immune to poison.
You have razor-sharp teeth.
You have supernaturally acute eyesight. (SInv)
You can survive without breathing.


Message History

You see here 14 gold pieces.
You hit the gnoll. You burn the gnoll.
The gnoll is heavily wounded.
The gnoll barely misses you. The gnoll closely misses you.
You barely miss the gnoll.
The gnoll is heavily wounded.
The gnoll hits you with a flail!
Ouch! That really hurt!
* * * LOW HITPOINT WARNING * * *
The gnoll hits you from afar with a spear.
* * * LOW HITPOINT WARNING * * *
A bat comes into view.
The gnoll throws a throwing net.
The throwing net hits you.
You become entangled in the net!
You see here a throwing net.
You tear a large gash into the net.
The bat hits you but does no damage.
You struggle against the net.
The gnoll barely misses you. The gnoll hits you with a flail!
Ouch! That really hurt!
You die...

..##.#
..##.######.
#.#
.....#....#.#
#.#
'#####.##.#
..#.# .#
#...##.# .#..
.###.####.#
..# .....#
#.# #.#
###### #.#
###b#######.#
#.#
#...@ggg....#
####.#
#.#.#########
#....# #.#.#
#.#### #.#$#
######.#
#.#..
....)#)#
#.###
####...# #.#
# ###.# #.#
####...# #.#


You could see 3 gnolls and a bat.

Vanquished Creatures
  An adder (D:2)
  3 dart slugs
  A worm (D:2)
  A leopard gecko (D:1)
  4 bats (D:2)
  3 giant cockroaches
  5 goblins
  12 hobgoblins
  3 jackals (D:2)
  2 frilled lizards
  3 kobolds
  4 rats
42 creatures vanquished.

Notes
Turn   | Place    | Note
-------+----------+-------------------------------------------
     0 | D:1      | sunhra the Vampire Enchanter began the quest for the Orb.
     0 | D:1      | Reached XP level 1. HP: 13/13 MP: 3/3
   313 | D:1      | Reached skill level 5 in Stealth
   313 | D:1      | Reached XP level 2. HP: 19/19 MP: 5/5
   648 | D:1      | Learned a level 2 spell: Ensorcelled Hibernation
  1037 | D:2      | Reached XP level 3. HP: 17/24 MP: 6/6
  1247 | D:2      | Reached skill level 5 in Hexes
  1701 | D:2      | Reached skill level 6 in Stealth
  1935 | D:2      | HP: 1/24 [gnoll/spear (4)]
  1938 | D:2      | Mangled by a gnoll

Skill      XL: |  1  2  3 |
---------------+----------+-----
Stealth        | 5 6 |  6.1
Short Blades   | 2 |  2.2
Hexes          | 5 |  5.2
Dodging        | |  2.1
Spellcasting   | |  2.0

Action                   || total
-------------------------++-------
Melee: Dagger            ||   119
       Bite              ||     8
 Cast: Ensorcelled Hiber ||    18
       Corona            ||     1
 Stab: Sleeping          ||    23
Armor: Robe              ||    32
Dodge: Dodged            ||    55
